 Dungeon Crawl Stone Soup version 0.22-a0-525-gf69a080 (webtiles) character file.

84 Mgcat the Chopper (level 4, -2/37 HPs)
             Began as a Hill Orc Gladiator on June 21, 2018.
             Killed by nerve-wracking pain
             ... invoked by an orc priest
              (5 damage)
             ... on level 3 of the Dungeon.
             The game lasted 00:03:43 (1372 turns).

Mgcat the Chopper (Hill Orc Gladiator)              Turns: 1372, Time: 00:03:44

Health: -2/37      AC:  7    Str: 17    XL:     4   Next: 45%
Magic:  0/4        EV:  9    Int:  8    God:
Gold:   115        SH:  3    Dex: 12    Spells: 3/3 levels left

rFire    . . .     SeeInvis .   a - +0 war axe
rCold    . . .     Gourm    .   p - +0 buckler
rNeg     . . .     Faith    .   h - +0 scale mail
rPois    .         Spirit   +   c - +0 helmet
rElec    .         Reflect  .   i - scarf {Spirit}
rCorr    .         Harm     .   (no gloves)
MR       .....                  (no boots)
Stlth    ..........             (no amulet)
HPRegen  0.12/turn              (no ring)
MPRegen  0.09/turn              (no ring)

@: no status effects
A: no striking features
a: Convert to Beogh


You were on level 3 of the Dungeon.
You were not hungry.

You visited 1 branch of the dungeon, and saw 3 of its levels.

You collected 115 gold pieces.

Inventory:

Hand Weapons
 a - a +0 war axe (weapon)
Missiles
 d - 3 throwing nets {=f, !d}
Armour
 c - a +0 helmet (worn)
 h - a +0 scale mail (worn)
   (You found it on level 1 of the Dungeon)
 i - a scarf of spirit shield (worn)
   (You found it on level 1 of the Dungeon)
 p - a +0 buckler (worn)
   (You found it on level 2 of the Dungeon)
Jewellery
 t - an uncursed amulet of harm {unknown}
   (You found it on level 3 of the Dungeon)
Scrolls
 g - 2 scrolls of enchant armour {unknown}
 j - a scroll of immolation {unknown}
 l - a scroll of amnesia {unknown}
 m - a scroll of random uselessness {unknown}
 n - a scroll of identify {unknown}
 q - a scroll of teleportation {unknown}
 r - a scroll of remove curse {unknown}
Potions
 e - a potion of haste {unknown}
 k - a potion of ambrosia {unknown}
 o - a potion of curing {unknown}
 s - a potion of degeneration {unknown}
Comestibles
 b - 2 chunks of flesh {@w0}
 f - 4 rations


   Skills:
 - Level 2.4 Fighting
 + Level 6.8 Axes
 - Level 1.7 Throwing
 - Level 2.4 Dodging


You had 3 spell levels left.
You didn't know any spells.
Your spell library was empty.

Dungeon Overview and Level Annotations

Branches:
Dungeon (3/15)

Altars:
Trog


Message History

The hobgoblin moves out of view.
A dart slug comes into view.
There are monsters nearby!
You hear the slow rusting of a very distant drain.
The dart slug closely misses you.
You slash the dart slug!
You kill the dart slug!
No target in view!
No target in view!
You see here a thick copper amulet.
The hobgoblin hits you but does no damage.
You closely miss the hobgoblin.
The hobgoblin hits you but does no damage.
You hit the hobgoblin.
You kill the hobgoblin!
No target in view!
No target in view!
No target in view!
t - a thick copper amulet An orc comes into view.
A quokka comes into view.
An orc priest comes into view. It is wielding a short sword.
The orc priest shouts, "Surrender to Beogh and we'll let you live!" (press Y on the ability menu to convert to Beogh)
The orc priest shouts!
You hear a shout!
The orc priest picks up a scroll labeled OLAJOI RAPNEIDGH.
An orc comes into view. It is wielding a flail.
Unknown command.
Unknown command.
Unknown command.
The orc shouts!
The orc barely misses you.
You barely miss the orc. The orc hits you.
You hit the orc.
The orc is almost dead.
You miss the quokka.
The orc priest looks satisfied for a moment.
The orc barely misses you. You block the quokka's attack.
You hit the orc but do no damage.
The orc is almost dead.
You hit the quokka. The quokka closely misses you. You block the orc's attack.
A goblin comes into view. It is wielding a falchion.
The quokka bites you.
You hit the orc but do no damage.
The orc is almost dead.
You hit the quokka.
You kill the quokka!
The orc hits you.
Your shield and scale mail prevent you from hitting the orc.
The orc is almost dead.
You closely miss the orc. The orc hits you but does no damage.
The orc barely misses you.
You hit the orc.
You kill the orc!
You hit the orc priest. You barely miss the orc.
The orc priest hits you but does no damage.
The orc hits you with a flail.
The orc priest hits you but does no damage.
You are too injured to fight recklessly!
You are too injured to fight recklessly!
You are too injured to fight recklessly!
You are too injured to fight recklessly!
You are too injured to fight recklessly!
You closely miss the orc priest.
The orc priest is moderately wounded.
You barely miss the orc. The orc hits you with a flail.
The orc priest misses you.
You slash the orc priest!
The orc priest is almost dead.
You hit the orc. The orc hits you with a flail.
The orc priest calls down the wrath of Beogh upon you.
Beogh smites you!
You barely miss the orc priest.
The orc priest is almost dead.
You barely miss the orc.
The orc priest threatens, "By the altar or by the axe, you will meet Beogh!"
The orc barely misses you.
The orc priest hits you but does no damage.
The goblin barely misses you.
Your scale mail prevents you from hitting the orc priest.
The orc priest is almost dead.
You hit the orc but do no damage. You miss the goblin.
The orc priest hits you but does no damage.
The orc closely misses you. The goblin barely misses you.
You hit the orc.
The orc is heavily wounded.
You hit the orc priest but do no damage.
You hit the goblin.
You kill the goblin!
The orc priest hits you with a short sword.
* * * LOW HITPOINT WARNING * * *
The orc hits you with a flail!
* * * LOW HITPOINT WARNING * * *
The orc priest hits you but does no damage.
You barely miss the orc priest.
The orc priest is almost dead.
You hit the orc. The orc closely misses you.
The orc priest mumbles some strange prayers to Beogh against you.
Pain shoots through your body!
You die...

......!.#
........###
.......$..#
..........#
[.........#
..........#
..........#
......o)..##
......o@...#
##########.##
.........#
.........###
########
[..........#
#.......
...........#
#.######
...........#
#.#
######.....#
#.#
#.....###.#


You could see an orc priest and an orc.

Vanquished Creatures
  2 adders (D:2)
  An ooze (D:2)
  A dart slug (D:3)
  A leopard gecko (D:2)
  4 orcs (D:3)
  3 ball pythons
  2 giant cockroaches
  6 goblins
  6 hobgoblins
  3 jackals (D:2)
  3 quokkas
  8 bats
  A frilled lizard (D:2)
  3 kobolds
  3 rats
47 creatures vanquished.

Notes
Turn   | Place    | Note
-------+----------+-------------------------------------------
     0 | D:1      | Mgcat the Hill Orc Gladiator began the quest for the Orb.
     0 | D:1      | Reached XP level 1. HP: 18/18 MP: 1/1
   136 | D:1      | Reached XP level 2. HP: 25/25 MP: 2/2
   291 | D:1      | Reached skill level 5 in Axes
   619 | D:2      | Reached XP level 3. HP: 20/30 MP: 0/3
   758 | D:2      | Found a bloodstained altar of Trog.
   846 | D:2      | Reached skill level 6 in Axes
  1019 | D:2      | Reached XP level 4. HP: 31/37 MP: 4/4
  1371 | D:3      | HP: 9/37 [orc priest/short sword (3)]
  1371 | D:3      | HP: 3/37 [orc/flail (6)]
  1372 | D:3      | Killed from afar by an orc priest

Vault maps used:
D:1:      lightli_arrival_noodles
D:2:      marbit_many_paths
D:3:      minmay_diamond_boxcup, cheibrodos_sewer_entry_bend, first_ration,
          nicolae_underground_beach

Skill      XL: |  1  2  3 |
---------------+----------+-----
Axes           | 5 6 |  6.8
Fighting       | |  2.4
Throwing       | |  1.7
Dodging        | |  2.4

Action                   |  1- 3 |  4- 6 || total
-------------------------+-------+-------++-------
Melee: War axe           |    89 |    38 ||   127
  Use: Potion            |     1 |       ||     1
  Eat: Chunk             |       |     2 ||     2
Armor: Scale mail        |    48 |    18 ||    66
Dodge: Dodged            |    75 |    18 ||    93
Block: Buckler           |     3 |     5 ||     8

Table legend:
 A = Spawn XP
 B = Non-spawn XP
 C = Spawn XP percentage of total XP
 D = Spawn monster count
 E = Non-spawn monster count
 F = Spawn count percentage of total count
 G = Total turns spent on level
                    A         B        C        D         E        F      G
               +---------+---------+-------+---------+---------+-------+---------
         Total |       0 |     120 |   0.0 |       0 |      47 |   0.0 |  1372
               +---------+---------+-------+---------+---------+-------+---------
           D:1 |       0 |      22 |   0.0 |       0 |      14 |   0.0 |   557
           D:2 |       0 |      71 |   0.0 |       0 |      22 |   0.0 |   725
           D:3 |       0 |      27 |   0.0 |       0 |      11 |   0.0 |    90
               +---------+---------+-------+---------+---------+-------+---------

Vault maps used:
D:1:      lightli_arrival_noodles
D:2:      marbit_many_paths
D:3:      minmay_diamond_boxcup, cheibrodos_sewer_entry_bend, first_ration,
          nicolae_underground_beach

Table legend:
 A = Turns spent in this place as a percentage of turns spent in the entire game.
 B = Non-inter-level travel turns spent in this place as a percentage of non-inter-level travel turns spent in the entire game.
 C = Inter-level travel turns spent in this place as a percentage of turns spent in this place.
 D = Turns resting spent in this place as a percentage of non-inter-level travel turns spent in this place.
 E = Turns spent auto-exploring this place as a percentage of non-inter-level travel turns spent in this place.
 F = Non-inter-level travel turns spent in this place divided by the number of levels of this place that you've seen.
                   A       B       C       D       E      F
               +-------+-------+-------+-------+-------+----------------------
         Total | 100.0 | 100.0 |   5.5 |   1.6 |  76.1 | 432.0
       Dungeon | 100.0 | 100.0 |   5.5 |   1.6 |  76.1 | 432.0
               +-------+-------+-------+-------+-------+----------------------

Table legend:
 A = Kills in this place as a percentage of kills in entire the game.
 B = Kills by you in this place as a percentage of kills by you in the entire game.
 C = Kills by friends in this place as a percentage of kills by friends in the entire game.
 D = Other kills in this place as a percentage of other kills in the entire game.
 E = Experience gained in this place as a percentage of experience gained in the entire game.
 F = Experience gained in this place divided by the number of levels of this place that you have seen.
                   A       B       C       D       E      F
               +-------+-------+-------+-------+-------+----------------------
         Total | 100.0 | 100.0 |   N/A |   N/A | 100.0 |  40.0
       Dungeon | 100.0 | 100.0 |   N/A |   N/A | 100.0 |  40.0
               +-------+-------+-------+-------+-------+----------------------
